 Dungeon Crawl Stone Soup version 0.32-a0-747-gc8563f6773 (webtiles) character file.

Game seed: 5702424329358547718

98 smashvw the Changeling (level 4, 0/33 HPs)
             Began as a Merfolk Shapeshifter on Mar 17, 2024.
             Killed from afar by an orc wizard (8 damage)
             ... with a puff of flame
             ... on level 3 of the Dungeon.
             The game lasted 00:04:53 (1980 turns).

smashvw the Changeling (Merfolk Shapeshifter)       Turns: 1980, Time: 00:04:53

Health: 0/33       AC:  2    Str: 14    XL:     4   Next: 69%
Magic:  4/4        EV: 12    Int:  9    God:
Gold:   69         SH:  0    Dex: 15    Spells: 3/3 levels left

rFire   . .          .
                       - Unarmed
rCold   . . .        (no shield)
rNeg    . . .        a - +0 animal skin
rPois   .            (helmet currently unavailable)
rElec   .            (cloak currently unavailable)
rCorr   .            (gloves currently unavailable)
SInv    .            (boots currently unavailable)
Will    .....        (no amulet)
Stlth   ++           (no ring)
HPRegen 0.25/turn    (no ring)
MPRegen 0.09/turn

%: no passive effects
@: beast-form
A: beast (slay +2), (nimble swimmer 2), mertail
a: Begin Untransformation


You were on level 3 of the Dungeon.
You were a hulking beast.
You visited 1 branch of the dungeon, and saw 3 of its levels.

You collected 69 gold pieces.

Inventory:

Armour
 a - a +0 animal skin (worn)
Jewellery
 j - a ring of fire
 m - a ring of willpower
 q - an amulet of guardian spirit
Talismans
 c - a beast talisman (active)
 d - a flux talisman
Scrolls
 e - a scroll of vulnerability {unknown}
 g - a scroll of enchant armour {unknown}
 l - a scroll of torment {unknown}
 n - a scroll of enchant weapon {unknown}
 o - a scroll of immolation {unknown}
Potions
 b - a potion of lignification
 f - 2 potions of curing {unknown}
 h - a potion of brilliance {unknown}
 i - a potion of heal wounds {unknown}
 k - 2 potions of haste {unknown}
 p - a potion of mutation {unknown}


   Skills:
 + Level 2.3 Fighting
 + Level 3.7 Dodging
 - Level 2.0 Stealth
 + Level 3.9 Unarmed Combat
 + Level 4.6 Shapeshifting


You had 3 spell levels left.
You didn't know any spells.
Your spell library contained the following spells:

 Spells                   Type           Power      Damage    Failure   Level
 Sandblast                Erth           0%         2d4       38%         1
 Slow                     Hex            0%         N/A       38%         1
 Ensorcelled Hibernation  Hex/Ice        0%         N/A       52%         2
 Confusing Touch          Hex            0%         N/A       77%         3
 Passwall                 Erth           0%         N/A       77%         3
 Stone Arrow              Conj/Erth      0%         3d7       77%         3
 Swiftness                Air            0%         N/A       77%         3
 Vampiric Draining        Necr           0%         2d6       77%         3
 Brom's Barrelling Bould  Conj/Erth      0%         2d3       99%         4


Dungeon Overview and Level Annotations

Branches:
Dungeon (3/15)

Altars:


Innate Abilities, Weirdness & Mutations

You are a hulking beast.
Your limbs bulge with bestial killing power. (Slay +2)
((You are very nimble when in or above water. (Stealth+, EV+, Speed+++)))
Your lower body shifts to a powerful aquatic tail in water.


Message History

Found a stone staircase leading down.
An orc wizard comes into view. It is wielding a +0 dagger.
Found a scroll labelled OHECLA DOEL SAGE.
An orc comes into view. It is wielding a +0 dagger.
The helpless orc wizard fails to defend itself.
You hit the orc wizard but do no damage.
You barely miss the orc wizard. The orc wizard misses you.
You hit the orc wizard.
The orc wizard is moderately wounded.
The orc shouts!
You hear a shout!
An orc wizard comes into view. It is wielding a +0 dagger.
The orc wizard gestures at you while chanting.
The puff of flame hits you!
You hit the orc wizard.
The orc wizard is heavily wounded.
The orc wizard hits you with a +0 dagger.
The orc hits you with a +0 dagger.
You are too injured to fight recklessly!
You are too injured to fight recklessly!
You hit the orc wizard.
The orc wizard is severely wounded.
The orc wizard hits you but does no damage.
The orc hits you with a +0 dagger.
You miss the orc wizard. Your punch misses the orc wizard.
The orc wizard is severely wounded.
The orc wizard closely misses you.
You barely miss the orc wizard.
The orc wizard is severely wounded.
The orc wizard hits you with a +0 dagger.
The orc barely misses you. The orc wizard misses you.
You closely miss the orc wizard. Your punch misses the orc wizard.
The orc wizard is severely wounded.
The orc wizard closely misses you. The orc hits you with a +0 dagger.
* * * LOW HITPOINT WARNING * * *
The orc wizard hits you with a +0 dagger.
* * * LOW HITPOINT WARNING * * *
Okay, then.
The orc wizard gestures at you while chanting.
The puff of flame hits you!
You die...

##+#...# #### ####
#......# #.. ....
#...##.####.# ####
##........##.########.
#............##.......
.#.###.#.#..##.#####.
#. #.#.#..##.# ##
###o###.#.#..##.#
#>.o.h..........#
#....#o###.........#
### #. #.......##.# #.
#.#####.##.# #. #.
#.##.# #. .. #.##.# ##
#. #.##.# #.##.#


You could see 2 orc wizards and an orc.

Vanquished Creatures
  Robin (D:2)
  3 adders (D:2)
  A dart slug (D:1)
  2 ribbon worms (D:2)
  2 ball pythons (D:1)
  3 endoplasms
  6 giant cockroaches
  11 goblins
  6 hobgoblins (D:2)
  2 jackals (D:2)
  3 quokkas (D:2)
  2 bats
  3 frilled lizards
  3 kobolds
  2 rats
50 creatures vanquished.

Notes
Turn   | Place    | Note
-------+----------+-------------------------------------------
     0 | D:1      | smashvw the Merfolk Shapeshifter began the quest for the
                  | Orb.
     0 | D:1      | Reached XP level 1. HP: 15/15 MP: 1/1
   233 | D:1      | Reached XP level 2. HP: 19/21 MP: 2/2
   763 | D:1      | Reached skill level 1 in Stealth
   896 | D:2      | Reached XP level 3. HP: 18/27 MP: 3/3
  1267 | D:2      | Reached XP level 4. HP: 30/33 MP: 4/4
  1342 | D:2      | Noticed Robin
  1355 | D:2      | Killed Robin
  1980 | D:3      | Killed from afar by an orc wizard

Illustrated notes

Levels and vault maps discovered:
D:1:      psy_arrival_terrarium, layout_basic, minivault_11,
          nicolae_kite_square_tiling_tiny, minmay_misc_feat_plants
D:2:      layout_loops_ring, uniq_robin
D:3:      minmay_inner_zag, layout_loops_ring, minmay_joined_circles

Skill      XL: |  1  2  3  4 |
---------------+-------------+-----
Dodging        | 3 |  3.7
Stealth        | 1 2 |  2.0
Fighting       | 2 |  2.3
Unarmed Combat | |  3.9
Shapeshifting  | |  4.6

Action                     |  1- 3 |  4- 6 || total
---------------------------+-------+-------++-------
  Melee: Unarmed           |    84 |    76 ||   160
         Punch             |     1 |     1 ||     2
   Stab: Sleeping          |     2 |     3 ||     5
         Distracted        |     1 |     1 ||     2
 Armour: Animal skin       |    38 |    28 ||    66
  Dodge: Dodged            |    37 |    39 ||    76

Table legend: (Time is in decaauts)
 A = Elapsed time spent in this place.
 B = Non-inter-level travel time spent in this place.
 C = Inter-level travel time spent in this place.
 D = Time resting spent in this place.
 E = Time spent auto-exploring this place.
 F = Levels seen in this place.
 G = Mean time per level.
                   A        B        C        D        E       F      G
               +--------+--------+--------+--------+--------+-----+--------+
         Total |   1969 |   1954 |     15 |      0 |   1630 |   3 |  656.3 |
       Dungeon |   1969 |   1954 |     15 |      0 |   1630 |   3 |  656.3 |
               +--------+--------+--------+--------+--------+-----+--------+

Top non-repeatable levels by time:
     D:2: 941 daAuts
     D:1: 818 daAuts
     D:3: 209 daAuts
